TOP OF THE 1ST |
Montgomery Biscuits batting - Pitching for West Virginia Power : RHP Anthony Jackson
|
Pitching: RHP Anthony Jackson
|
|
Batting: RHB Juan Díaz
|
0-0: Ball 1-0: Called Strike 1-1: Ground out 6-3 (Groundball, 6)
|
Batting: LHB José Martínez
|
0-0: SINGLE (Flyball, 9LM)
|
Batting: SHB Terry O'Farrell
|
0-0: Ball 1-0: SINGLE (Groundball, 6MD) José Martínez to second
|
Batting: RHB Jean-Paul St-Pierre
|
0-0: Grounds into double play, 6-4-3 (Groundball, 6)
|
Top of the 1st over - 0 run(s), 2 hit(s), 0 error(s), 1 left on base; Montgomery 0 - West Virginia 0 |
BOTTOM OF THE 1ST |
West Virginia Power batting - Pitching for Montgomery Biscuits : RHP Pedro Valdés
|
Pitching: RHP Pedro Valdés
|
|
Batting: RHB Luis Encarnación
|
0-0: Ball 1-0: Ball 2-0: Bunted foul 2-1: Foul Ball, location: 2F 2-2: Strikes out swinging
|
Batting: SHB Edward Bartlett
|
0-0: Foul Ball, location: 2F 0-1: Ball 1-1: Foul Ball, location: 2F 1-2: Ball 2-2: Strikes out swinging
|
Batting: RHB Roberto Tobías
|
0-0: Called Strike 0-1: Foul Ball, location: 2F 0-2: Ball 1-2: Ball 2-2: Foul Ball, location: 2F 2-2: Ball 3-2: Strikes out swinging
|
Bottom of the 1st over - 0 run(s), 0 hit(s), 0 error(s), 0 left on base; Montgomery 0 - West Virginia 0 |
TOP OF THE 2ND |
Montgomery Biscuits batting - Pitching for West Virginia Power : RHP Anthony Jackson
|
Batting: LHB Curt Causton
|
0-0: Called Strike 0-1: Ball 1-1: Swinging Strike 1-2: Ball 2-2: Fly out, F6 (Popup, 5DF)
|
Batting: RHB Pete Smith
|
0-0: Foul Ball, location: 2F 0-1: Ball 1-1: Ball 2-1: Foul Ball, location: 2F 2-2: Ball 3-2: Foul Ball, location: 2F 3-2: Fly out, F8 (Popup, 4D)
|
Batting: SHB Andrew Curran
|
0-0: Hit by Pitch
|
Batting: RHB Dave Dawson
|
0-0: SINGLE (Groundball, 6D) Andrew Curran to second
|
Batting: RHB Peyton Yardley
|
0-0: Ball 1-0: Swinging Strike 1-1: Foul Ball, location: 2F 1-2: Strikes out swinging
|
Top of the 2nd over - 0 run(s), 1 hit(s), 0 error(s), 2 left on base; Montgomery 0 - West Virginia 0 |
BOTTOM OF THE 2ND |
West Virginia Power batting - Pitching for Montgomery Biscuits : RHP Pedro Valdés
|
Batting: LHB Pablo Reyes
|
0-0: DOUBLE (Popup, 5D)
|
Batting: RHB Ben Dougherty
|
0-0: Called Strike 0-1: Ground out U3 (Groundball, 3L) Pablo Reyes to third
|
Batting: RHB Alden Isenhood
|
0-0: Ball 1-0: Called Strike 1-1: Foul Ball, location: 2F 1-2: Foul Ball, location: 2F 1-2: Strikes out swinging
|
Batting: RHB Lance Wolf
|
0-0: Called Strike 0-1: Ball 1-1: Called Strike 1-2: Ground out 5-3 (Groundball, 56)
|
Bottom of the 2nd over - 0 run(s), 1 hit(s), 0 error(s), 1 left on base; Montgomery 0 - West Virginia 0 |
TOP OF THE 3RD |
Montgomery Biscuits batting - Pitching for West Virginia Power : RHP Anthony Jackson
|
Batting: RHB Juan Díaz
|
0-0: Called Strike 0-1: Ball 1-1: Foul Ball, location: 2F 1-2: Strikes out swinging, 2-3 out at first.
|
Batting: LHB José Martínez
|
0-0: Ball 1-0: Fly out, F8 (Flyball, 8RXD)
|
Batting: SHB Terry O'Farrell
|
0-0: Fly out, F8 (Flyball, 89XD)
|
Top of the 3rd over - 0 run(s), 0 hit(s), 0 error(s), 0 left on base; Montgomery 0 - West Virginia 0 |
BOTTOM OF THE 3RD |
West Virginia Power batting - Pitching for Montgomery Biscuits : RHP Pedro Valdés
|
Batting: LHB Héctor Cruz
|
0-0: Called Strike 0-1: Called Strike 0-2: Strikes out swinging
|
Batting: RHB Gonzalo Gil
|
0-0: SINGLE (Groundball, 56) (infield hit)
|
Batting: RHB Luis Encarnación
|
0-0: Ball 1-0: Fly out, F7 (Flyball, 78M)
|
Batting: SHB Edward Bartlett
|
0-0: Called Strike 0-1: Foul Ball, location: 2F 0-2: Foul Ball, location: 2F 0-2: Strikes out swinging
|
Bottom of the 3rd over - 0 run(s), 1 hit(s), 0 error(s), 1 left on base; Montgomery 0 - West Virginia 0 |
TOP OF THE 4TH |
Montgomery Biscuits batting - Pitching for West Virginia Power : RHP Anthony Jackson
|
Batting: RHB Jean-Paul St-Pierre
|
0-0: Ball 1-0: Ball 2-0: Foul Ball, location: 2F 2-1: Swinging Strike 2-2: Ball 3-2: Base on Balls
|
Batting: LHB Curt Causton
|
0-0: Foul Ball, location: 2F 0-1: Called Strike 0-2: Ball 1-2: Foul Ball, location: 2F 1-2: SINGLE (Groundball, 6MD) Jean-Paul St-Pierre to second
|
Batting: RHB Pete Smith
|
0-0: Ground out 4-3 (Groundball, 4MS) Jean-Paul St-Pierre to third Curt Causton to second
|
Batting: SHB Andrew Curran
|
0-0: Ball 1-0: SINGLE (Line Drive, 78S) Jean-Paul St-Pierre scores Curt Causton to third
|
Batting: RHB Dave Dawson
|
0-0: Ball 1-0: Ball 2-0: Grounds into double play, 3-6-3 (Groundball, 3D)
|
Top of the 4th over - 1 run(s), 2 hit(s), 0 error(s), 1 left on base; Montgomery 1 - West Virginia 0 |
BOTTOM OF THE 4TH |
West Virginia Power batting - Pitching for Montgomery Biscuits : RHP Pedro Valdés
|
Batting: RHB Roberto Tobías
|
0-0: Called Strike 0-1: SINGLE (Groundball, 5L)
|
Batting: LHB Pablo Reyes
|
0-0: Called Strike 0-1: Called Strike 0-2: Foul Ball, location: 2F 0-2: Ball 1-2: Foul Ball, location: 2F 1-2: Ball 2-2: Ball 3-2: Foul Ball, location: 2F 3-2: SINGLE (Groundball, 13) (infield hit) Roberto Tobías to second
|
Batting: RHB Ben Dougherty
|
0-0: Called Strike 0-1: Foul Ball, location: 2F 0-2: Strikes out swinging
|
Batting: RHB Alden Isenhood
|
0-0: Called Strike 0-1: Fielders Choice at 2nd, 4-6 (Groundball, 4) Roberto Tobías to third
|
Batting: RHB Lance Wolf
|
0-0: Ball 1-0: Ball 2-0: Ball 3-0: Called Strike 3-1: Foul Ball, location: 2F 3-2: 3-RUN HOME RUN (Flyball, 7D), Distance : 376 ft
|
Batting: LHB Héctor Cruz
|
0-0: Ball 1-0: Swinging Strike 1-1: Called Strike 1-2: Foul Ball, location: 2F 1-2: Foul Ball, location: 2F 1-2: Ball 2-2: Strikes out looking
|
Bottom of the 4th over - 3 run(s), 3 hit(s), 0 error(s), 0 left on base; Montgomery 1 - West Virginia 3 |
TOP OF THE 5TH |
Montgomery Biscuits batting - Pitching for West Virginia Power : RHP Anthony Jackson
|
Batting: RHB Peyton Yardley
|
0-0: Fly out, F2 (Popup, 2LF)
|
Batting: RHB Juan Díaz
|
0-0: Ball 1-0: Foul Ball, location: 2F 1-1: Called Strike 1-2: Strikes out swinging
|
Batting: LHB José Martínez
|
0-0: Reached on error, E4 (Groundball, 4)
|
Batting: SHB Terry O'Farrell
|
0-0: Called Strike 0-1: Called Strike 0-2: Strikes out looking
|
Top of the 5th over - 0 run(s), 0 hit(s), 1 error(s), 1 left on base; Montgomery 1 - West Virginia 3 |
BOTTOM OF THE 5TH |
West Virginia Power batting - Pitching for Montgomery Biscuits : RHP Pedro Valdés
|
Batting: RHB Gonzalo Gil
|
0-0: Ball 1-0: Swinging Strike 1-1: Ball 2-1: Foul Ball, location: 2F 2-2: Strikes out swinging passed ball, reaches first!
|
Batting: RHB Luis Encarnación
|
0-0: Called Strike 0-1: Ball 1-1: Called Strike Gonzalo Gil steals 2nd base 1-2: Strikes out swinging
|
Batting: SHB Edward Bartlett
|
0-0: Called Strike 0-1: Swinging Strike 0-2: Ground out 5-3 (Groundball, 5)
|
Batting: RHB Roberto Tobías
|
0-0: Ball Gonzalo Gil is caught stealing 3rd base
|
Bottom of the 5th over - 0 run(s), 0 hit(s), 0 error(s), 0 left on base; Montgomery 1 - West Virginia 3 |
TOP OF THE 6TH |
Montgomery Biscuits batting - Pitching for West Virginia Power : RHP Anthony Jackson
|
Batting: RHB Jean-Paul St-Pierre
|
0-0: Ball 1-0: Swinging Strike 1-1: Swinging Strike 1-2: Ball 2-2: Ball 3-2: Ground out U3 (Groundball, 3S)
|
Batting: LHB Curt Causton
|
0-0: Called Strike 0-1: Foul Ball, location: 2F 0-2: Strikes out swinging
|
Batting: RHB Pete Smith
|
0-0: Swinging Strike 0-1: Foul Ball, location: 2F 0-2: Strikes out looking
|
Top of the 6th over - 0 run(s), 0 hit(s), 0 error(s), 0 left on base; Montgomery 1 - West Virginia 3 |
BOTTOM OF THE 6TH |
West Virginia Power batting - Pitching for Montgomery Biscuits : RHP Pedro Valdés
|
Batting: RHB Roberto Tobías
|
0-0: Swinging Strike 0-1: Foul Ball, location: 2F 0-2: Ball 1-2: Foul Ball, location: 2F 1-2: DOUBLE (Line Drive, 9LM)
|
Batting: LHB Pablo Reyes
|
0-0: Intentional Walk
|
Batting: RHB Ben Dougherty
|
0-0: Ground out 4-3 (Groundball, 4S) Roberto Tobías to third Pablo Reyes to second
|
Batting: RHB Alden Isenhood
|
0-0: Intentional Walk
|
Pitching: LHP Steve Billington
|
|
Batting: RHB Lance Wolf
|
0-0: Ball 1-0: Ball 2-0: Ball 3-0: Called Strike 3-1: Base on Balls Roberto Tobías scores Pablo Reyes to third Alden Isenhood to second
|
Batting: LHB Héctor Cruz
|
0-0: Called Strike 0-1: Called Strike 0-2: Ball 1-2: Ball 2-2: Ball 3-2: DOUBLE (Flyball, 89M) Pablo Reyes scores Alden Isenhood scores Lance Wolf to third Runner from 3rd tries for Home, SAFE, throw made home
|
Batting: RHB Gonzalo Gil
|
0-0: Ground out 6-3 (Groundball, 6)
|
Batting: RHB Luis Encarnación
|
0-0: Ball 1-0: Called Strike 1-1: Ball 2-1: Ball 3-1: Swinging Strike 3-2: Base on Balls
|
Batting: SHB Edward Bartlett
|
0-0: Ball 1-0: Foul Ball, location: 2F 1-1: DOUBLE (Line Drive, 5L) Héctor Cruz scores Luis Encarnación to third Runner from 3rd tries for Home, SAFE, no throw or cutoff
|
Pitching: LHP Tony García
|
|
Batting: RHB Roberto Tobías
|
0-0: Ball 1-0: Ball 2-0: Ball 3-0: Base on Balls
|
Batting: LHB Pablo Reyes
|
0-0: Fly out, F8 (Flyball, 8LM)
|
Bottom of the 6th over - 6 run(s), 3 hit(s), 0 error(s), 2 left on base; Montgomery 1 - West Virginia 9 |
TOP OF THE 7TH |
Montgomery Biscuits batting - Pitching for West Virginia Power : RHP Anthony Jackson
|
Batting: SHB Andrew Curran
|
0-0: Ball 1-0: DOUBLE (Flyball, 89XD)
|
Batting: RHB Dave Dawson
|
0-0: Called Strike 0-1: Ball 1-1: Called Strike 1-2: Foul Ball, location: 2F 1-2: Ball 2-2: Fly out, F6 (Popup, 6D)
|
Batting: RHB Peyton Yardley
|
0-0: Foul Ball, location: 2F 0-1: Ball 1-1: Ball 2-1: Ground out 5-3 (Groundball, 56)
|
Batting: RHB Juan Díaz
|
0-0: Ball 1-0: Ball 2-0: Foul Ball, location: 2F 2-1: Called Strike 2-2: Foul Ball, location: 2F 2-2: Foul Ball, location: 2F 2-2: Foul Ball, location: 2F 2-2: Ball 3-2: Base on Balls
|
Pitching: RHP Mitch Irwin
|
|
Batting: LHB José Martínez
|
0-0: Ball 1-0: Swinging Strike 1-1: Ball 2-1: Called Strike 2-2: SINGLE (Line Drive, 89S) Andrew Curran to third Juan Díaz to second Runner from 3rd tries for Home, SAFE, no throw or cutoff
|
Batting: SHB Terry O'Farrell
|
0-0: Foul Ball, location: 2F 0-1: Ball Wild Pitch! Juan Díaz to third José Martínez to second 1-1: Foul Ball, location: 2F 1-2: Ball 2-2: Foul Ball, location: 2F 2-2: Ball 3-2: Base on Balls
|
Batting: RHB Jean-Paul St-Pierre
|
0-0: Called Strike 0-1: Ball 1-1: Swinging Strike 1-2: DOUBLE (Line Drive, 9LS) Juan Díaz scores José Martínez scores Terry O'Farrell to third
|
Batting: LHB Curt Causton
|
0-0: Called Strike 0-1: Swinging Strike 0-2: Foul Ball, location: 2F 0-2: Strikes out swinging
|
Top of the 7th over - 3 run(s), 3 hit(s), 0 error(s), 2 left on base; Montgomery 4 - West Virginia 9 |
BOTTOM OF THE 7TH |
West Virginia Power batting - Pitching for Montgomery Biscuits : LHP Tony García
|
Batting: RHB Ben Dougherty
|
0-0: Fly out, F7 (Flyball, 7D)
|
Batting: RHB Alden Isenhood
|
0-0: Ball 1-0: Called Strike 1-1: Ball 2-1: Ball 3-1: Foul Ball, location: 2F 3-2: Foul Ball, location: 2F 3-2: Base on Balls
|
Batting: RHB Lance Wolf
|
0-0: Ball Alden Isenhood steals 2nd base 1-0: SINGLE (Groundball, 34) Alden Isenhood to third Runner from 3rd tries for Home, SAFE, no throw or cutoff
|
Batting: LHB Héctor Cruz
|
0-0: Fly out, F7 (Flyball, 7M)
|
Batting: RHB Gonzalo Gil
|
0-0: Ball 1-0: SINGLE (Groundball, 6MD) (infield hit) Lance Wolf to second
|
Batting: RHB Luis Encarnación
|
0-0: Ball 1-0: Called Strike 1-1: Ball 2-1: Foul Ball, location: 2F 2-2: Foul Ball, location: 2F 2-2: Foul Ball, location: 2F 2-2: Foul Ball, location: 2F 2-2: Foul Ball, location: 2F 2-2: Ball 3-2: Base on Balls Lance Wolf to third Gonzalo Gil to second
|
Batting: SHB Edward Bartlett
|
0-0: Fielders Choice at 2nd, 6-4 (Groundball, 6)
|
Bottom of the 7th over - 1 run(s), 2 hit(s), 0 error(s), 2 left on base; Montgomery 4 - West Virginia 10 |
TOP OF THE 8TH |
Montgomery Biscuits batting - Pitching for West Virginia Power : RHP Mitch Irwin
|
Now at C: António De Los Ángeles
|
|
Batting: RHB Pete Smith
|
0-0: Called Strike 0-1: Ball 1-1: Foul Ball, location: 2F 1-2: Foul Ball, location: 2F 1-2: Strikes out swinging
|
Batting: SHB Andrew Curran
|
0-0: Ball 1-0: Ball 2-0: Foul Ball, location: 2F 2-1: Ball 3-1: Base on Balls
|
Batting: RHB Dave Dawson
|
0-0: Foul Ball, location: 2F 0-1: Called Strike 0-2: Ball 1-2: Ball 2-2: Foul Ball, location: 2F 2-2: Foul Ball, location: 2F 2-2: Foul Ball, location: 2F 2-2: Foul Ball, location: 2F 2-2: Ball 3-2: SINGLE (Groundball, 25) (infield hit) Andrew Curran to second
|
Batting: RHB Peyton Yardley
|
0-0: Ball 1-0: Ball 2-0: Ball 3-0: Called Strike 3-1: Fly out, F8 (Flyball, 8LS)
|
Batting: RHB Juan Díaz
|
0-0: Called Strike 0-1: Foul Ball, location: 2F 0-2: Ball 1-2: Ball 2-2: Strikes out swinging
|
Top of the 8th over - 0 run(s), 1 hit(s), 0 error(s), 2 left on base; Montgomery 4 - West Virginia 10 |
BOTTOM OF THE 8TH |
West Virginia Power batting - Pitching for Montgomery Biscuits : LHP Tony García
|
Batting: RHB Roberto Tobías
|
0-0: Ball 1-0: Called Strike 1-1: Foul Ball, location: 2F 1-2: DOUBLE (Line Drive, 9LM)
|
Batting: LHB Pablo Reyes
|
0-0: Ball 1-0: Swinging Strike 1-1: Called Strike 1-2: Ball 2-2: Ball 3-2: Strikes out swinging
|
Batting: RHB Ben Dougherty
|
0-0: Fly out, F8 (Flyball, 78D)
|
Batting: RHB Alden Isenhood
|
0-0: Ball 1-0: SINGLE (Groundball, 3D) Roberto Tobías to third Runner from 3rd tries for Home, SAFE, no throw or cutoff
|
Batting: RHB Lance Wolf
|
0-0: Called Strike 0-1: Foul Ball, location: 2F 0-2: Ball 1-2: Strikes out swinging
|
Bottom of the 8th over - 1 run(s), 2 hit(s), 0 error(s), 1 left on base; Montgomery 4 - West Virginia 11 |
TOP OF THE 9TH |
Montgomery Biscuits batting - Pitching for West Virginia Power : RHP Mitch Irwin
|
Pitching: RHP Mark Osborne
|
|
Now in CF: Luis Pérez
|
|
Now in RF: Lúcio Anaya
|
|
Batting: LHB José Martínez
|
0-0: Ball 1-0: Foul Ball, location: 2F 1-1: SINGLE (Line Drive, 6D)
|
Batting: SHB Terry O'Farrell
|
0-0: Ball 1-0: Ball 2-0: Swinging Strike 2-1: Grounds into double play, 4-6-3 (Groundball, 34)
|
Batting: RHB Jean-Paul St-Pierre
|
0-0: Ball 1-0: Ball 2-0: Foul Ball, location: 2F 2-1: SINGLE (Line Drive, 56)
|
Batting: LHB Curt Causton
|
0-0: Ball 1-0: Fly out, F7 (Popup, 56D)
|
Top of the 9th over - 0 run(s), 2 hit(s), 0 error(s), 1 left on base; Montgomery 4 - West Virginia 11 |
|